 Dungeon Crawl Stone Soup version 0.27.1-3-gb3d3a73c9e (webtiles) character file.

Game seed: 9262190509164696886

664 H0rd4k the Cutter (level 7, 0/52 HPs)
             Began as a Human Artificer on Oct 18, 2021.
             Slain by an ogre (12 damage)
             ... on level 5 of the Dungeon.
             The game lasted 00:10:48 (8327 turns).

H0rd4k the Cutter (Human Artificer)                 Turns: 8327, Time: 00:10:49

Health: 0/52       AC:  7    Str: 13    XL:     7   Next: 87%
Magic:  7/7        EV: 13    Int: 12    God:
Gold:   167        SH:  0    Dex: 14    Spells: 6/6 levels left

rFire    . . .     SeeInvis .   j - +1 dagger
rCold    . . .     Faith    .   (no shield)
rNeg     . . .     Spirit   .   b - +0 leather armour
rPois    .         Reflect  .   (no helmet)
rElec    .         Harm     .   (no cloak)
rCorr    .         Rampage  .   (no gloves)
Will     .....                  (no boots)
Stlth    +.........             (no amulet)
HPRegen  0.17/turn              l - +4 ring of protection
MPRegen  0.10/turn              (no ring)

@: no status effects
A: mutation resistance 1
a: no special abilities


You were on level 5 of the Dungeon.
You visited 1 branch of the dungeon, and saw 5 of its levels.
You also visited: Sewer.

You collected 167 gold pieces.

Inventory:

Hand Weapons
 j - a +1 dagger (weapon)
Missiles
 w - a poisoned dart (quivered)
Armour
 b - a +0 leather armour (worn)
Jewellery
 l - a +4 ring of protection (left hand)
 o - an amulet of guardian spirit
 t - a ring of flight
 v - a ring of protection from cold
Wands
 s - a wand of iceblast (1)
Scrolls
 a - 5 scrolls of identify
 c - 2 scrolls of teleportation {unknown}
 d - 2 scrolls of fear {unknown}
 i - 3 scrolls of enchant weapon
 k - 2 scrolls of summoning {unknown}
 n - a scroll of immolation {unknown}
 q - 3 scrolls of fog {unknown}
 y - a scroll of acquirement {unknown}
Potions
 f - a potion of might {unknown}
 g - 2 potions of heal wounds
 h - 2 potions of magic
 m - 3 potions of haste
 p - 2 potions of experience {unknown}
 r - 2 potions of curing
 u - a potion of flight
Miscellaneous
 e - a piece from Xom's chessboard (14/15)


   Skills:
 + Level 3.5 Fighting
 + Level 4.6 Short Blades
 + Level 0.1 Throwing
 - Level 2.0 Armour
 + Level 4.2 Dodging
 - Level 1.0 Stealth
 + Level 4.2 Evocations


You had 6 spell levels left.
You didn't know any spells.
Your spell library contained the following spells:

 Spells                   Type           Power      Damage    Failure   Level
 Animate Skeleton         Necr           0%         N/A       38%         1
 Pain                     Necr           0%         1d4       38%         1
 Ensorcelled Hibernation  Hex/Ice        0%         N/A       54%         2
 Sublimation of Blood     Necr           0%         N/A       54%         2
 Gell's Gravitas          Tloc           0%         N/A       77%         3
 Spider Form              Tmut/Pois      0%         N/A       77%         3
 Teleport Other           Tloc           0%         N/A       77%         3
 Vampiric Draining        Necr           0%         2d6       77%         3
 Petrify                  Tmut/Erth      0%         N/A       99%         4
 Irradiate                Conj/Tmut      0%         3d14      100%        5
 Dispersal                Tloc           0%         N/A       100%        6
 Shadow Creatures         Summ           N/A        N/A       100%        6


Dungeon Overview and Level Annotations

Branches:
Dungeon (5/15)              Sewer (visited)
 Temple: D:4-7

Altars:
Ashenzari
Nemelex Xobeh

Annotations:
D:2 1 runed translucent door, exclusion: door, Crazy Yiuf
D:4 Blork the orc


Innate Abilities, Weirdness & Mutations

You are somewhat resistant to further mutation.


Message History

Throw: 5 darts (poison)
Press: ? - help, Q - select action, (/) - cycle Shift-Dir - straight line, f/p - ogre
Aim: an ogre, wielding a +0 giant club (74% to hit)
You throw a poisoned dart. The poisoned dart hits the ogre.
The ogre is poisoned.
Throw: 4 darts (poison)
Press: ? - help, Q - select action, (/) - cycle Shift-Dir - straight line, f/p - ogre
Aim: an ogre, wielding a +0 giant club (poisoned, 74% to hit)
You throw a poisoned dart. The poisoned dart hits the ogre.
Throw: 3 darts (poison)
Press: ? - help, Q - select action, (/) - cycle Shift-Dir - straight line, f/p - ogre
Aim: an ogre, wielding a +0 giant club (lightly wounded, poisoned, 74% to hit)
You throw a poisoned dart.
The poisoned dart closely misses the ogre.
Throw: 2 darts (poison)
Press: ? - help, Q - select action, (/) - cycle Shift-Dir - straight line, f/p - ogre
Aim: an ogre, wielding a +0 giant club (lightly wounded, poisoned, 74% to hit)
You throw a poisoned dart. The poisoned dart hits the ogre.
The ogre looks even sicker.
The ogre is lightly wounded.
The ogre looks more healthy.
The ogre hits you with a +0 giant club!!
There is a stone staircase leading up, spattered with blood here.
Aiming: Iceblast
Press: ? - help, Shift-Dir - straight line, f/p - ogre
Aim: an ogre, wielding a +0 giant club (heavily wounded)
The mass of ice explodes!
The iceblast engulfs the ogre!
The ogre is almost dead.
You hear a shout!
Unknown command.
You hit the ogre.
The ogre is almost dead.
The ogre hits you with a +0 giant club!
* * * LOW HITPOINT WARNING * * *
You barely miss the ogre.
The ogre is almost dead.
You hit the ogre.
The ogre is almost dead.
The ogre hits you with a +0 giant club!
You die...

############# ###
#....@O.....########..
#..########.......##.#
##.##############.##.#
#≈##.≈≈≈≈##...........
#≈#≈#####≈#######.##.#
#≈#.##≈##≈# #.##.#
#≈#≈#÷#≈#≈# #.##.#
#≈#≈#.#.#≈# #.##.#
#≈#.###.#≈### #(##.#


You could see an ogre.

Vanquished Creatures
  A black bear (D:5)
  2 bullfrogs (Sewer)
  A scorpion (D:5)
  A water moccasin skeleton (D:4)
  A jelly (D:4)
  Jessica (D:2)
  2 orcs
  A howler monkey zombie (D:4)
  5 adders
  5 river rats (Sewer)
  4 worms
  2 dart slugs (D:1)
  9 endoplasms
  7 giant cockroaches
  12 goblins
  3 hobgoblins
  3 jackals (D:3)
  5 quokkas
  23 ball pythons
  7 bats
  3 frilled lizards
  5 kobolds
  30 rats
133 creatures vanquished.

Vanquished Creatures (collateral kills)
  An ogre (D:4)
  A jelly (D:5)
  4 gnolls (D:4)
  An orc (D:3)
  2 hobgoblins (D:4)
  A quokka (D:4)
10 creatures vanquished.

Vanquished Creatures (others)
  An orc wizard (D:3)
  A goblin (D:3)
2 creatures vanquished.

Grand Total: 145 creatures vanquished

Notes
Turn   | Place    | Note
-------+----------+-------------------------------------------
     0 | D:1      | H0rd4k the Human Artificer began the quest for the Orb.
     0 | D:1      | Reached XP level 1. HP: 15/15 MP: 1/1
   671 | D:1      | Reached XP level 2. HP: 16/21 MP: 2/2
  1708 | D:1      | Reached XP level 3. HP: 22/26 MP: 3/3
  2014 | D:1      | Reached skill level 1 in Short Blades
  3415 | D:2      | Reached XP level 4. HP: 9/33 MP: 4/4
  3758 | D:2      | Found a runed translucent door.
  3759 | D:2      | Noticed Crazy Yiuf
  3814 | D:2      | Noticed Jessica
  3820 | D:2      | Killed Jessica
  4731 | D:3      | Found a broken altar of Ashenzari.
  4763 | D:3      | Reached XP level 5. HP: 37/39 MP: 5/5
  5308 | D:4      | Reached XP level 6. HP: 42/46 MP: 6/6
  5527 | D:4      | Noticed Blork the orc
  5635 | D:4      | Noticed an ogre
  5693 | D:4      | Killed an ogre
  5919 | D:5      | Entered Level 5 of the Dungeon
  6062 | D:5      | Noticed an ogre
  6083 | D:5      | Noticed a black bear
  6107 | D:5      | Found a sparkling altar of Nemelex Xobeh.
  6147 | D:5      | Killed a black bear
  6302 | D:5      | Found a glowing drain.
  6313 | Sewer    | Entered a sewer
  6378 | Sewer    | Reached XP level 7. HP: 51/51 MP: 7/7
  6475 | Sewer    | Gained mutation: You are somewhat resistant to further
                  | mutation. [potion of mutation]
  8327 | D:5      | Slain by an ogre

Illustrated notes

Levels and vault maps discovered:
D:1:      evilmike_arrival_hilbert_curve, layout_loops_corners
D:2:      layout_basic, uniq_crazy_yiuf_cottage, uniq_jessica
D:3:      kennysheep_big_flooded_room, layout_loops_cross, lemuel_tele_altar,
          minmay_tree_intersection, uniq_robin
D:4:      layout_basic, minmay_fractal_squares_gapless_5, uniq_blork_the_orc
D:5:      layout_loops_ring, nemelex_xobeh_ov_fountains_minmay,
          gup_sewer_entry_spiral, minmay_ogre_servants

Skill      XL: |  1  2  3  4  5  6  7 |
---------------+----------------------+-----
Short Blades   | 1 2 3 4 |  4.6
Fighting       | 2 3 |  3.5
Dodging        | 2 3 4 |  4.2
Evocations     | 4 |  4.2
Throwing       | |  0.1
Armour         | |  2.0
Stealth        | |  1.0

Action                   |  1- 3 |  4- 6 |  7- 9 || total
-------------------------+-------+-------+-------++-------
Melee: Club              |    27 |       |       ||    27
       Dagger            |   233 |   389 |   179 ||   801
Throw: Dart              |       |       |    10 ||    10
Evoke: Wand              |     3 |    26 |     5 ||    34
       Piece from Xom's  |       |       |     3 ||     3
  Use: Potion            |       |       |     8 ||     8
       Scroll            |       |       |     4 ||     4
 Stab: Sleeping          |       |     4 |       ||     4
Armor: Leather armour    |    65 |   129 |   107 ||   301
Dodge: Dodged            |   154 |   195 |   223 ||   572
